 Dungeon Crawl Stone Soup version 0.17-a0-1910-g4c791fa (webtiles) character file.

9590 Kolbur the Cruncher (level 11, 0/77 HPs)
             Began as a Merfolk Ice Elementalist on Sept 25, 2015.
             Was a High Priest of Makhleb.
             Killed from afar by an efreet (30 damage)
             ... with a bolt of fire
             ... on level 13 of the Dungeon.
             The game lasted 01:21:26 (4330 turns).

Kolbur the Cruncher (Merfolk Ice Elementalist)      Turns: 4330, Time: 01:21:26

Health: 0/77       AC:  7    Str:  9    XL:     11   Next: 48%
Magic:  10/14      EV: 17    Int: 16    God:    Makhleb [*****.]
Gold:   697        SH:  0    Dex: 19    Spells: 5 memorised, 2 levels left

rFire  . . .     SeeInvis .     a - +4 lajatang (elec)
rCold  . . .     Clarity  .     I - +2 robe {MR+}
rNeg   . . .     SustAt   .     (no shield)
rPois  .         Gourm    .     y - +1 helmet
rElec  .         Spirit   .     w - +0 cloak
rCorr  .         Warding  .     (no gloves)
rMut   .         Stasis   .     (no boots)
MR     +....                    (no amulet)
Stlth  ++........               (no ring)
                                E - +3 ring of dexterity

@: somewhat resistant to hostile enchantments, unstealthy
A: change form in water, swift swim
a: Minor Destruction, Lesser Servant of Makhleb, Major Destruction, Greater
Servant of Makhleb, Renounce Religion


You were on level 13 of the Dungeon.
You worshipped Makhleb.
Makhleb was extremely pleased with you.
You were hungry.

You visited 1 branch of the dungeon, and saw 13 of its levels.
You also visited: Bailey.

You collected 697 gold pieces.

Inventory:

Hand weapons
 a - a +4 lajatang of electrocution (weapon)
 b - a +0 blowgun
 K - the +6 war axe "Inoupuca" {pain, +Blink rElec Str+3}
   (You found it on level 7 of the Dungeon)

   In the hands of one skilled in necromantic magic, it inflicts extra damage on
   living creatures.
   It affects your strength (+3).
   It insulates you from electricity.
   It lets you blink.
 R - a +0 trident of venom
Missiles
 e - 51 stones
 f - 4 throwing nets
 h - 23 poisoned needles
 T - 40 tomahawks of returning (quivered)
Armour
 k - a cursed +0 ring mail
 w - a +0 cloak (worn)
 y - a +1 helmet (worn)
 I - a +2 robe of magic resistance (worn)
Jewellery
 m - an uncursed ring of positive energy
 r - an uncursed ring of ice
 u - an uncursed ring of flight
 v - an uncursed ring of ice
 E - a +3 ring of dexterity (left hand)
 F - an uncursed ring of see invisible
Magical devices
 B - a wand of flame (23)
 P - a wand of frost (25)
 W - a wand of slowing (37)
Scrolls
 d - a scroll of fog
 i - a scroll of random uselessness {unknown}
 o - 2 scrolls of fear {unknown}
 p - 2 scrolls of remove curse
 q - 2 scrolls of blinking {unknown}
 s - a scroll of teleportation
 C - 3 scrolls of immolation
 D - a scroll of torment
 M - a scroll of amnesia
 N - 2 scrolls of magic mapping
 U - a scroll of recharging {unknown}
Potions
 g - a potion of cancellation
 l - 2 potions of curing
 x - 3 potions of magic
 z - a potion of might
 A - 2 potions of mutation
 H - a potion of invisibility
 J - a potion of lignification
 O - a potion of haste
 S - 2 potions of flight
Books
 j - a book of Party Tricks

   Spells                             Type                      Level
   a - Summon Butterflies             Summoning                    1
   b - Apportation                    Translocation                1
   c - Tukima's Dance                 Hexes                        3
   d - Alistair's Intoxication        Transmutation/Poison         4
   e - Invisibility                   Hexes                        6
 Q - a book of Frost

   Spells                             Type                      Level
   a - Freeze                         Ice                          1
   b - Throw Frost                    Conjuration/Ice              2
   c - Ozocubu's Armour               Charms/Ice                   3
   d - Throw Icicle                   Conjuration/Ice              4
   e - Summon Ice Beast               Ice/Summoning                4
   f - Condensation Shield            Ice                          4
Miscellaneous
 L - a fan of gales
Comestibles
 c - 6 bread rations
 n - 2 meat rations
 t - a fruit
 G - 2 slices of pizza


   Skills:
 - Level 4.0 Fighting
 - Level 8.2(14.6) Polearms
 * Level 12.0(12.3) Staves
 + Level 2.4 Throwing
 - Level 6.0 Dodging
 - Level 2.1 Stealth
 - Level 2.5 Spellcasting
   Level 0.7 Conjurations
 + Level 0.1 Translocations
 - Level 6.0 Ice Magic
 + Level 0.7 Invocations


You had 2 spell levels left.
You knew the following spells:

 Your Spells              Type           Power        Failure   Level  Hunger
a - Freeze                Ice            ###.         1%          1    #......
i - Summon Ice Beast      Ice/Summ       ##......     63%         4    #####..
o - Ozocubu's Armour      Chrm/Ice       ##......     17%         3    ###....
s - Condensation Shield   Ice            ###.......   17%         4    #####..
z - Apportation           Tloc           #.........   21%         1    #......


Dungeon Overview and Level Annotations

Branches:
Dungeon (13/15)            Temple (0/1) D:5            Lair (0/8) D:11
    Orc: D:9-12      Vaults: D:13-14

Altars:
Ashenzari
Kikubaaqudgha
Makhleb
Okawaru
Ru
Xom
Yredelemnul
Zin

Shops:
D:9 %

Annotations:
D:4 PeterLawrence's ghost, average MiFi
D:6 Edmund


Message History

The efreet is severely wounded.
The efreet gestures at you. The bolt of fire hits you!
The heat melts your icy armour.
You completely miss the efreet.
The efreet is severely wounded.
The efreet gestures at you. The bolt of fire hits you!
Your icy armour melts away.
You barely miss the efreet.
The efreet is severely wounded.
The efreet hits you with a scimitar of flaming!
The efreet burns you.
You barely miss the efreet.
The efreet is severely wounded.
You hit the efreet but do no damage.
The efreet is severely wounded.
The efreet gestures at you. The bolt of fire hits you!
You die...

#... #...# #...#
#...# . # #...#
...
#.###...#####....
#................
#................
.####†@#########
#R.# #..#########
#......R§...
#.####.........§.
#................
.
#.###..##########
# #.# #..# # #.#
#..# . #


You could see an efreet.

Vanquished Creatures
  The ghost of wvc the Slicer, a powerful VSAs of Kikubaaqudgha (D:11)
  The ghost of PeterLawrence the Basher, an experienced MiFi of Okawaru (Bailey)
  5 orc knights (Bailey)
  Pikel (D:5)
  The ghost of Aarh the Sneak, an experienced KoAs of Nemelex Xobeh (D:6)
  A troll (D:11)
  12 yaks (D:11)
  Sigmund (D:6)
  A deep elf mage (D:11)
  A hippogriff (D:11)
  2 wraiths
  2 vampire mosquitoes (D:12)
  A hungry ghost (D:11)
  An orc warrior (D:13)
  4 porcupines (D:11)
  A slave (D:5)
  3 ogres
  2 ice beasts (D:11)
  A sky beast (D:8)
  An eye of draining (D:11)
  A wasp (D:10)
  2 crocodiles (D:11)
  A gnoll sergeant (D:9)
  A giant frog (D:11)
  A scorpion (D:4)
  4 wights
  A quasit (D:12)
  A gnoll shaman (D:6)
  2 giant frog skeletons
  3 hounds
  4 orc priests
  2 jellies
  4 orc wizards
  A worker ant (D:4)
  14 gnolls
  5 river rats (D:11)
  A shadow imp (D:10)
  10 adders
  An adder skeleton (D:4)
  4 giant geckos
  15 orcs
  7 bats
  9 goblins
  13 hobgoblins
  12 jackals
  2 quokkas
  2 ball pythons
  2 giant cockroaches (D:2)
  3 giant newts
  18 kobolds
  A quokka skeleton (D:5)
  8 rats
198 creatures vanquished.

Vanquished Creatures (others)
  3 bushes (D:11)
  A fungus (D:11)
  9 plants (D:11)
13 creatures vanquished.

Grand Total: 211 creatures vanquished

Notes
Turn   | Place    | Note
--------------------------------------------------------------
     0 | D:1      | Kolbur the Merfolk Ice Elementalist began the quest for the Orb.
     0 | D:1      | Reached XP level 1. HP: 13/13 MP: 3/3
   201 | D:1      | Reached XP level 2. HP: 17/19 MP: 3/5
   207 | D:1      | Reached skill level 4 in Ice Magic
   488 | D:2      | Reached XP level 3. HP: 17/24 MP: 3/6
   493 | D:2      | Learned a level 3 spell: Ozocubu's Armour
   536 | D:2      | Found a glowing silver altar of Zin.
   632 | D:3      | Found a basalt altar of Yredelemnul.
   632 | D:3      | Found a burning altar of Makhleb.
   668 | D:3      | Became a worshipper of Makhleb the Destroyer
   760 | D:3      | Reached skill level 1 in Fighting
   760 | D:3      | Reached XP level 4. HP: 24/32 MP: 0/7
   775 | D:3      | Noticed an ogre
   812 | D:4      | Reached skill level 5 in Ice Magic
  1023 | D:4      | Found a shattered altar of Ashenzari.
  1025 | D:4      | Found a sacrificial altar of Ru.
  1041 | D:4      | Reached XP level 5. HP: 31/38 MP: 2/8
  1042 | D:4      | Found an iron altar of Okawaru.
  1043 | D:4      | Found a shimmering altar of Xom.
  1083 | D:4      | Noticed PeterLawrence's ghost (average MiFi)
  1086 | D:4      | Reached skill level 1 in Polearms
  1145 | D:4      | Learned a level 4 spell: Condensation Shield
  1190 | D:2      | You fall through a shaft!
  1236 | D:5      | Entered Level 5 of the Dungeon
  1291 | D:5      | Reached XP level 6. HP: 15/44 MP: 3/9
  1350 | D:5      | Acquired Makhleb's first power
  1435 | D:5      | Found a staircase to the Ecumenical Temple.
  1452 | D:5      | Noticed an ogre
  1471 | D:5      | Killed an ogre
  1471 | D:5      | Reached skill level 6 in Ice Magic
  1530 | D:4      | Found an ancient bone altar of Kikubaaqudgha.
  1552 | D:5      | Noticed a slave
  1552 | D:5      | Noticed a slave
  1553 | D:5      | Noticed Pikel
  1553 | D:5      | Noticed a slave
  1579 | D:5      | Killed a slave
  1622 | D:5      | Killed Pikel
  1622 | D:5      | Reached skill level 5 in Dodging
  1622 | D:5      | Reached XP level 7. HP: 6/53 MP: 0/10
  1656 | D:5      | Noticed a freed slave
  1742 | D:4      | Reached XP level 8. HP: 35/60 MP: 7/11
  1886 | D:4      | Reached skill level 7 in Polearms
  2084 | D:6      | Identified a scroll of acquirement
  2158 | D:6      | Reached skill level 1 in Staves
  2161 | D:6      | Acquired Makhleb's second power
  2171 | D:6      | Noticed an ice beast
  2196 | D:6      | Noticed Aarh's ghost (experienced KoAs)
  2204 | D:6      | Noticed Edmund
  2213 | D:6      | Killed Aarh's ghost
  2355 | D:6      | Noticed Sigmund
  2366 | D:6      | Killed Sigmund
  2485 | D:7      | Got a scorched war axe
  2486 | D:7      | Identified the +6 war axe "Inoupuca" {pain, +Blink rElec Str+3} (You found it on level 7 of the Dungeon)
  2557 | D:8      | Reached skill level 5 in Staves
  2557 | D:8      | Reached XP level 9. HP: 57/65 MP: 8/12
  2664 | D:9      | Found Siug's Food Shoppe.
  2679 | D:10     | Entered Level 10 of the Dungeon
  3138 | D:11     | Noticed wvc's ghost (powerful VSAs)
  3177 | D:11     | Killed wvc's ghost
  3177 | D:11     | Reached skill level 8 in Staves
  3232 | D:11     | Found a flagged portal.
  3240 | D:11     | Acquired Makhleb's third power
  3257 | Bailey   | Entered a bailey
  3260 | Bailey   | Noticed PeterLawrence's ghost (experienced MiFi)
  3279 | Bailey   | Killed PeterLawrence's ghost
  3279 | Bailey   | Reached skill level 9 in Staves
  3279 | Bailey   | Reached XP level 10. HP: 57/71 MP: 7/13
  3285 | Bailey   | Learned a level 4 spell: Summon Ice Beast
  3286 | Bailey   | Noticed an orc knight
  3290 | Bailey   | Noticed an orc knight
  3293 | Bailey   | Noticed an orc knight
  3300 | Bailey   | Noticed an orc knight
  3358 | Bailey   | Killed an orc knight
  3500 | Bailey   | Killed an orc knight
  3565 | Bailey   | Killed an orc knight
  3565 | Bailey   | Reached skill level 10 in Staves
  3579 | Bailey   | Noticed an orc knight
  3614 | Bailey   | Killed an orc knight
  3672 | Bailey   | Killed an orc knight
  3831 | D:11     | Acquired Makhleb's fourth power
  3871 | D:11     | Reached skill level 1 in Throwing
  3871 | D:11     | Reached XP level 11. HP: 77/77 MP: 12/14
  3877 | D:11     | Reached skill level 11 in Staves
  3959 | D:11     | Found a staircase to the Lair.
  4177 | D:12     | Reached skill level 12 in Staves
  4192 | D:12     | Acquired Makhleb's fifth power
  4208 | D:12     | Learned a level 1 spell: Apportation
  4330 | D:13     | Killed from afar by an efreet

Vault maps used:
D:1:      dpeg_arrival_leaves_temple_mockup, minmay_crystal_room
D:2:      nicolae_overflow_hidden_temple
D:3:      nemelex_altar_shiori, grunt_temple_overflow_open,
          vehumet_altar_wand_db
D:4:      lemuel_doored_altar, minitemple, first_bread
D:5:      minmay_temple_entry_mist, uniq_pikel
D:6:      elyvilon_altar_1, uniq_sigmund, uniq_edmund
D:7:      led_sif_pool
D:8:      fedhas_altar_2, overflow_temple_1_default
D:9:      serial_shops, nicolae_shop_crystal, lemuel_flamethrower_2
D:11:     minmay_lair_entry_grove, enter_bailey_7
D:12:     uniq_nessos
D:13:     erik_vaults_1, serial_shops, statue_bzr, hangedman_tell_no_tales
Bailey:   bailey_axe_4, bailey

Action                   |  1- 3 |  4- 6 |  7- 9 | 10-12 || total
-------------------------+-------+-------+-------+-------++-------
Melee: Dagger            |     6 |       |       |       ||     6
       Short sword       |    15 |     1 |       |       ||    16
       Quarterstaff      |       |     3 |       |       ||     3
       Spear             |       |    17 |    52 |       ||    69
       Lajatang          |       |       |   134 |   210 ||   344
       Trident           |       |       |       |    48 ||    48
 Fire: Blowgun           |       |       |       |    30 ||    30
Throw: Stone             |    21 |    25 |     3 |       ||    49
       Tomahawk          |       |       |     4 |    12 ||    16
 Cast: Freeze            |    46 |    64 |    44 |       ||   154
       Ozocubu's Armour  |       |       |    14 |    11 ||    25
       Condensation Shie |       |       |     1 |     4 ||     5
  Use: Scroll            |     2 |    11 |    10 |     3 ||    26
       Potion            |       |     3 |       |     1 ||     4
 Stab: Sleeping          |     5 |     2 |     3 |       ||    10
       Distracted        |       |     1 |       |       ||     1
  Eat: Chunk             |       |     2 |     8 |     6 ||    16
       Beef jerky        |       |     1 |       |       ||     1
       Pizza             |       |       |     1 |       ||     1

Vault maps used:
D:1:      dpeg_arrival_leaves_temple_mockup, minmay_crystal_room
D:2:      nicolae_overflow_hidden_temple
D:3:      nemelex_altar_shiori, grunt_temple_overflow_open,
          vehumet_altar_wand_db
D:4:      lemuel_doored_altar, minitemple, first_bread
D:5:      minmay_temple_entry_mist, uniq_pikel
D:6:      elyvilon_altar_1, uniq_sigmund, uniq_edmund
D:7:      led_sif_pool
D:8:      fedhas_altar_2, overflow_temple_1_default
D:9:      serial_shops, nicolae_shop_crystal, lemuel_flamethrower_2
D:11:     minmay_lair_entry_grove, enter_bailey_7
D:12:     uniq_nessos
D:13:     erik_vaults_1, serial_shops, statue_bzr, hangedman_tell_no_tales
Bailey:   bailey_axe_4, bailey

Table legend:
 A = Turns spent in this place as a percentage of turns spent in the entire game.
 B = Non-inter-level travel turns spent in this place as a percentage of non-inter-level travel turns spent in the entire game.
 C = Inter-level travel turns spent in this place as a percentage of turns spent in this place.
 D = Turns resting spent in this place as a percentage of non-inter-level travel turns spent in this place.
 E = Turns spent auto-exploring this place as a percentage of non-inter-level travel turns spent in this place.
 F = Non-inter-level travel turns spent in this place divided by the number of levels of this place that you've seen.
                   A       B       C       D       E      F
               +-------+-------+-------+-------+-------+----------------------
         Total | 100.0 | 100.0 |   0.4 |   0.1 |   0.0 | 290.7
       Dungeon |  86.3 |  86.2 |   0.4 |   0.1 |   0.0 | 270.0
        Bailey |  13.7 |  13.8 |   0.0 |   0.0 |   0.0 | 560.0
               +-------+-------+-------+-------+-------+----------------------
